 Dungeon Crawl Stone Soup version 0.19.0-20-gbc5f0c6 (webtiles) character file.

47055 KarmaPolice the Black Sun (level 14, -5/104 HPs)
             Began as a Vampire Skald on Nov 17, 2016.
             Was a High Priest of Kikubaaqudgha.
             Slain by an ice devil (9 damage)
             ... summoned by an orc sorcerer
             ... while paralysed by an orc sorcerer
             ... on level 1 of the Orcish Mines.
             The game lasted 02:38:55 (45126 turns).

KarmaPolice the Black Sun (Vampire Skald)          Turns: 45126, Time: 02:38:56

Health: -5/104     AC:  5    Str: 12    XL:     14   Next: 7%
Magic:  2/25       EV:  2    Int: 15    God:    Kikubaaqudgha [*****.]
Gold:   2215       SH:  0    Dex: 19    Spells: 8 memorised, 2 levels left

rFire  + + .     SeeInvis +     j - +3 scimitar (freeze) (curse)
rCold  + . .     Gourm    .     G - +4 ring mail "Nupnoh" {rF+ Dex+2}
rNeg   + + .     Faith    .     W - +2 buckler {AC+3}
rPois  +         Spirit   .     R - +2 helmet
rElec  .         Reflect  .     V - +0 cloak
rCorr  .         Harm     .     (no gloves)
MR     ++...                    p - +2 pair of boots
Stlth  ++........               (no amulet)
                                O - ring of protection from magic
                                e - ring of protection from fire

@: paralysed, lethally poisoned (-5 -> -22), corroded, regenerating slowly
A: fangs 3, see invisible, unbreathing
a: Bat Form, Receive Corpses, Torment, Renounce Religion


You were on level 1 of the Orcish Mines.
You worshipped Kikubaaqudgha.
Kikubaaqudgha was extremely pleased with you.
You were near bloodless.

You visited 4 branches of the dungeon, and saw 19 of its levels.

You collected 2264 gold pieces.
You spent 49 gold pieces at shops.

Inventory:

Hand Weapons
 b - a +0 blowgun
 j - a cursed +3 scimitar of freezing (weapon)
 s - the +1 whip of Anguish {vamp, Int+3}
   (You found it on level 1 of the Lair of Beasts)

   It inflicts no extra harm, but heals its wielder when it wounds a living foe.
   It affects your intelligence (+3).
 C - a +3 dagger of venom
Missiles
 c - 22 poisoned needles
 U - 8 needles of confusion
Armour
 p - a +2 pair of boots (worn)
 G - the +4 ring mail "Nupnoh" (worn) {rF+ Dex+2}
   (You found it on level 5 of the Dungeon)

   It affects your dexterity (+2).
   It protects you from fire.
 R - a +2 helmet (worn)
 V - a +0 cloak (worn)
 W - a +2 buckler of protection (worn)
Jewellery
 e - a ring of protection from fire (left hand)
 O - a ring of protection from magic (right hand)
Wands
 w - a wand of flame (7/48)
 J - a wand of flame (0/48)
 K - a wand of digging (0/24)
 Y - a wand of lightning (0/15)
Scrolls
 a - a scroll of remove curse
 f - 4 scrolls of fog
 g - a scroll of summoning {unknown}
 q - 4 scrolls of magic mapping
 v - a scroll of identify
 z - a scroll of enchant weapon
 A - a scroll of vulnerability {unknown}
 B - a scroll of fear {unknown}
 F - 3 scrolls of enchant armour
 I - a scroll of blinking
 M - 2 scrolls of recharging
 N - a scroll of teleportation {unknown}
 P - a scroll of immolation {unknown}
 Q - a scroll of noise {unknown}
 Z - 2 scrolls of torment {unknown}
Potions
 d - 20 potions of blood
 h - 2 potions of cancellation
 i - 2 potions of brilliance
 k - 7 potions of curing
 l - a potion of invisibility {unknown}
 m - a potion of ambrosia
 o - 3 potions of flight {unknown}
 r - a potion of magic {unknown}
 t - a potion of mutation {unknown}
 u - 3 potions of agility
 x - a potion of resistance
 D - a potion of berserk rage {unknown}
 H - 3 potions of might
 S - 2 potions of haste {unknown}
 X - a potion of heal wounds
Books
 n - Kikubaaqudgha's Volume of Evil Arts
   (Kikubaaqudgha gifted it to you on level 7 of the Dungeon)

   Spells                             Type                      Level
   a - Bolt of Draining               Conjuration/Necromancy       5
   b - Agony                          Necromancy                   5
   c - Cigotuvi's Embrace             Necromancy                   5
   d - Dispel Undead                  Necromancy                   5
   e - Death Channel                  Necromancy                   6
 E - Kikubaaqudgha's Almanac of Dark Secrets
   (Kikubaaqudgha gifted it to you on level 5 of the Dungeon)

   Spells                             Type                      Level
   a - Pain                           Necromancy                   1
   b - Corpse Rot                     Necromancy                   2
   c - Sublimation of Blood           Necromancy                   2
   d - Regeneration                   Charms/Necromancy            3
   e - Control Undead                 Necromancy                   4
 T - a book of Minor Magic

   Spells                             Type                      Level
   a - Magic Dart                     Conjuration                  1
   b - Blink                          Translocation                2
   c - Call Imp                       Summoning                    2
   d - Repel Missiles                 Charms/Air                   2
   e - Slow                           Hexes                        2
   f - Conjure Flame                  Conjuration/Fire             3
   g - Mephitic Cloud                 Conjuration/Poison/Air       3


   Skills:
 - Level 7.6 Fighting
 + Level 8.2 Long Blades
 - Level 7.1 Armour
 - Level 4.3 Dodging
 - Level 6.0 Shields
 + Level 7.5 Spellcasting
 + Level 6.7 Conjurations
   Level 9.0 Hexes
 - Level 6.1 Charms
 + Level 13.0 Necromancy
 - Level 3.2 Evocations


You had 2 spell levels left.
You knew the following spells:

 Your Spells              Type           Power        Failure   Level  Hunger
a - Infusion              Chrm           ###.         1%          1    None
b - Dispel Undead         Necr           #####...     4%          5    #####..
c - Song of Slaying       Chrm           ###.....     2%          2    None
d - Regeneration          Chrm/Necr      ####......   1%          3    ##.....
f - Control Undead        Necr           #####.....   1%          4    ####...
g - Agony                 Necr           #####...     4%          5    #####..
h - Bolt of Draining      Conj/Necr      #####.....   14%         5    #####..
i - Apportation           Tloc           #.........   30%         1    None


Dungeon Overview and Level Annotations

Branches:
Dungeon (10/15)            Temple (1/1) D:4            Lair (6/6) D:8
  Snake (0/4) Lair:2          Orc (2/2) D:9             Elf (0/3) Orc:2
  Swamp: Lair:2-4    Shoals: Lair:2-4     Slime: Lair:5-6

Altars:
Ashenzari
Cheibriados
Elyvilon
Fedhas
Hepliaklqana
Kikubaaqudgha
Makhleb
Nemelex Xobeh
Okawaru
Qazlal
Ru
Sif Muna
Trog
Vehumet
Xom
Yredelemnul
Zin
The Shining One

Shops:
D:7 (   D:8 =   Orc:2 *:

Annotations:
D:3 Terence
D:7 Menkaure
D:8 Philosophy's ghost, novice HOFi
Orc:2 dracos369's ghost, journeyman TrBe


Innate Abilities, Weirdness & Mutations

You heal slowly.
You have razor-sharp teeth.
You have supernaturally acute eyesight. (SInv)
You can survive without breathing.


Message History

The ice devil hits you but does no damage.
The orc sorcerer hits you but does no damage.
The rust devil hits you.
* * * LOW HITPOINT WARNING * * *
The rust devil corrodes you! The orange demon barely misses you.
The ice devil hits you!
* * * LOW HITPOINT WARNING * * *
The ice devil freezes you! You resist.
* * * LOW HITPOINT WARNING * * *
The orc sorcerer hits you but does no damage.
The rust devil hits you.
* * * LOW HITPOINT WARNING * * *
The rust devil corrodes you! The orange demon stings you from afar.
* * * LOW HITPOINT WARNING * * *
You are lethally poisoned!
The orange demon poisons you!
* * * LOW HITPOINT WARNING * * *
You feel sick. The ice devil hits you!
You die...
Kikubaaqudgha rasps: "You have failed me!
Welcome... oblivion!"

#........#### ###.....#.###..
##.......#..## #......### ###
##.....###..### ###...##
####....[#.....## #####
#.#.............##
#...##.....#...#.#
##^.......)....### ###
#.............#### ###.###
###....#...####@4#######
#.#...#
#...###.[.#.#o4.#.##.###......
##.## ##[##..4#[[.#....#..#...
### ##)#..##......)[...#...
##[).........##...#...
###.....#....##.....#
#....###..###....##
####...#....##......#
##....#...#.##....#...


You could see an orange demon, an ice devil, a rust devil and an orc sorcerer.

Vanquished Creatures
  7 hydras
  6 death yaks
  A fire crab (Lair:6)
  Pikel (D:5)
  2 orc knights (Orc:1)
  2 orc sorcerers (Orc:2)
  An ugly thing (D:9)
  11 elephants
  Maurice (D:8)
  A manticore (Lair:1)
  A cyclops (Orc:2)
  4 black mambas
  A torpor snail (Lair:4)
  4 spiny frogs
  3 rime drakes
  6 komodo dragons
  6 trolls
  Grinder (D:4)
  12 blink frogs
  11 hippogriffs
  2 dream sheep (D:9)
  A spriggan (Lair:4)
  3 basilisks
  32 yaks
  2 wyverns
  A hungry ghost (D:7)
  Edmund (D:6)
  A soldier ant (D:7)
  8 wargs
  3 nagas (Lair:2)
  17 water moccasins
  Duvessa (D:6)
  A swamp drake (D:9)
  8 porcupines
  A necrophage (D:6)
  21 orc warriors
  3 ice beasts
  A sky beast (D:7)
  3 slaves
  A phantom (D:9)
  5 crocodiles
  6 ogres
  25 wolves
  4 centaurs
  3 big kobolds
  14 bullfrogs
  Dowan (D:6)
  3 scorpions
  4 killer bees
  9 wights
  5 howler monkeys
  An electric eel (Lair:5)
  2 crimson imps
  A bullfrog zombie (D:8)
  13 orc priests
  11 hounds
  3 jellies
  A bullfrog skeleton (D:4)
  2 iguanas
  20 orc wizards
  8 worker ants
  A mummy (D:4)
  2 worker ant zombies
  Robin (D:4)
  12 adders
  2 shadow imps
  An ooze (D:1)
  An adder skeleton (D:9)
  2 worms
  4 dart slugs
  7 leopard geckos
  86 orcs
  6 bats
  5 giant cockroaches
  10 hobgoblins
  14 jackals
  16 kobolds
  6 quokkas
  A ball python (D:2)
  7 frilled lizards
  20 goblins
  10 rats
  3 plants (Lair:4)
551 creatures vanquished.

Vanquished Creatures (others)
  An orc priest (D:8)
  An orc wizard (Orc:2)
  An adder skeleton (D:8)
  5 orcs
  A bat (D:3)
  A quokka skeleton (D:8)
  12 fungi
  8 plants
30 creatures vanquished.

Grand Total: 581 creatures vanquished

Notes
Turn   | Place    | Note
-------+----------+-------------------------------------------
     0 | D:1      | KarmaPolice the Vampire Skald began the quest for the Orb.
     0 | D:1      | Reached XP level 1. HP: 16/16 MP: 3/3
    94 | D:1      | Reached XP level 2. HP: 22/22 MP: 5/5
   336 | D:2      | Learned a level 2 spell: Shroud of Golubria
   339 | D:2      | Learned a level 2 spell: Song of Slaying
   906 | D:1      | Reached XP level 3. HP: 27/27 MP: 6/6
  2080 | D:2      | Reached XP level 4. HP: 34/34 MP: 1/7
  2948 | D:3      | Found a stormy altar of Qazlal.
  3327 | D:3      | Noticed Terence
  4306 | D:3      | Reached XP level 5. HP: 36/41 MP: 5/8
  5000 | D:4      | Learned a level 3 spell: Regeneration
  5373 | D:4      | Reached skill level 1 in Necromancy
  5962 | D:4      | Found a staircase to the Ecumenical Temple.
  5975 | Temple   | Entered the Ecumenical Temple
  5990 | Temple   | Became a worshipper of Kikubaaqudgha
  6150 | D:4      | Noticed Robin
  6348 | D:4      | Noticed Grinder
  6382 | D:4      | Reached XP level 6. HP: 47/47 MP: 0/10
  6402 | D:4      | Killed Robin
  6475 | D:4      | Killed Grinder
  6475 | D:4      | Reached skill level 5 in Charms
  6475 | D:4      | Reached skill level 2 in Necromancy
  6667 | D:4      | Found a snail-covered altar of Cheibriados.
  6777 | D:5      | Entered Level 5 of the Dungeon
  6805 | D:4      | Reached XP level 7. HP: 49/52 MP: 1/12
  6857 | D:5      | Reached * piety under Kikubaaqudgha
  6857 | D:5      | Identified Kikubaaqudgha's Almanac of Dark Secrets (Kikubaaqudgha gifted it to you on level 5 of the Dungeon)
  6857 | D:5      | Received a gift from Kikubaaqudgha
  6857 | D:5      | Reached skill level 3 in Necromancy
  6868 | D:5      | Learned a level 1 spell: Confusing Touch
  6924 | D:5      | Got an ichor-stained ring mail
  7532 | D:6      | Noticed Edmund
  7618 | D:6      | Killed Edmund
  7618 | D:6      | Reached skill level 5 in Long Blades
  7618 | D:6      | Reached skill level 4 in Necromancy
  8051 | D:5      | Reached skill level 1 in Hexes
  8051 | D:5      | Reached XP level 8. HP: 44/58 MP: 4/14
  8253 | D:5      | Found a hazy altar of Hepliaklqana.
  8434 | D:5      | Noticed Pikel
  9053 | D:4      | Reached skill level 1 in Armour
 10407 | D:7      | Noticed a hippogriff
 10449 | D:6      | Found a deep blue altar of Sif Muna.
 10495 | D:6      | You are sucked into a shaft for 3 floors!
 10547 | D:9      | Reached ** piety under Kikubaaqudgha
 10547 | D:9      | Reached skill level 5 in Necromancy
 10670 | D:8      | Noticed Philosophy's ghost (novice HOFi)
 10742 | D:8      | Noticed a hippogriff
 11541 | D:8      | Reached skill level 5 in Hexes
 11541 | D:8      | Reached XP level 9. HP: 44/63 MP: 8/15
 11757 | D:8      | Identified the +4 ring mail "Nupnoh" {rF+ Dex+2} (You found it on level 5 of the Dungeon)
 11913 | D:9      | HP: 3/63 [orc warrior/hand axe (14)]
 11915 | D:8      | HP: 1/63 [Philosophy's ghost (2)]
 12243 | D:8      | Noticed Maurice
 12275 | D:7      | Found Daeshurch's Antique Weapon Emporium.
 12359 | D:7      | Found a glowing golden altar of the Shining One.
 12554 | D:5      | Killed Pikel
 12554 | D:5      | Reached skill level 6 in Necromancy
 13120 | D:6      | Learned a level 4 spell: Control Undead
 13285 | D:6      | Noticed Duvessa
 13343 | D:6      | Killed Duvessa
 13345 | D:6      | Noticed Dowan
 13574 | D:6      | Killed Dowan
 14428 | D:7      | Reached skill level 7 in Necromancy
 14695 | D:7      | Found a basalt altar of Yredelemnul.
 14698 | D:7      | Found a burning altar of Makhleb.
 14698 | D:7      | Noticed Menkaure
 15061 | D:7      | Found a bloodstained altar of Trog.
 15194 | D:7      | Found a sparkling altar of Nemelex Xobeh.
 15407 | D:7      | Reached XP level 10. HP: 55/70 MP: 0/16
 16055 | D:8      | HP: 2/70 [orc warrior/hand axe (12)]
 16553 | D:8      | Found a staircase to the Lair.
 16742 | D:8      | Killed Maurice
 17443 | D:8      | Found a radiant altar of Vehumet.
 17458 | D:8      | Found Diawn's Jewellery Shoppe.
 17466 | D:8      | Bought a cursed ring of loudness for 49 gold pieces
 17632 | D:8      | Reached skill level 5 in Armour
 17872 | D:7      | Reached *** piety under Kikubaaqudgha
 17872 | D:7      | Identified Kikubaaqudgha's Volume of Evil Arts (Kikubaaqudgha gifted it to you on level 7 of the Dungeon)
 17872 | D:7      | Received a gift from Kikubaaqudgha
 18210 | D:9      | Noticed a white ugly thing
 18263 | Lair:1   | Entered Level 1 of the Lair of Beasts
 18278 | Lair:1   | Got a smoking whip
 18285 | Lair:1   | Identified the cursed +1 whip of Anguish {vamp, Int+3} (You found it on level 1 of the Lair of Beasts)
 18850 | Lair:1   | Reached skill level 8 in Necromancy
 19152 | Lair:1   | Noticed a spiny frog
 19187 | Lair:1   | a spiny frog changed into a troll
 20065 | D:9      | HP: 2/71 [crocodile (16)]
 21397 | D:8      | Learned a level 5 spell: Agony
 22153 | D:9      | Reached skill level 5 in Spellcasting
 22177 | D:10     | Entered Level 10 of the Dungeon
 22412 | D:10     | Noticed a hill giant
 22599 | D:9      | Reached XP level 11. HP: 63/78 MP: 10/18
 22771 | D:10     | Noticed a hill giant
 22901 | D:9      | Reached skill level 9 in Necromancy
 23168 | D:9      | Noticed a two-headed hydra
 23277 | Lair:1   | Reached skill level 5 in Fighting
 23389 | Lair:1   | Reached **** piety under Kikubaaqudgha
 23499 | Lair:1   | Noticed an eight-headed hydra
 25537 | Lair:1   | Noticed a seven-headed hydra
 26301 | Lair:2   | Learned a level 5 spell: Bolt of Draining
 26474 | Lair:3   | Reached skill level 10 in Necromancy
 26559 | Lair:2   | Reached skill level 1 in Conjurations
 26884 | Lair:2   | Found a staircase to the Snake Pit.
 27690 | Lair:2   | Noticed a four-headed hydra
 27735 | Lair:2   | Reached XP level 12. HP: 89/89 MP: 15/22
 27781 | Lair:2   | Noticed a five-headed hydra
 28394 | Lair:3   | Noticed a five-headed hydra
 29359 | Lair:5   | Noticed a death yak
 29359 | Lair:5   | Noticed a death yak
 29364 | Lair:5   | Noticed a death yak
 30500 | Lair:4   | Noticed a six-headed hydra
 30664 | Lair:4   | Learned a level 1 spell: Apportation
 30907 | Lair:4   | Killed a six-headed hydra
 31269 | Lair:5   | Noticed a death yak
 31460 | Lair:4   | Reached skill level 11 in Necromancy
 31601 | Lair:6   | Entered Level 6 of the Lair of Beasts
 31601 | Lair:6   | Noticed a death yak
 31601 | Lair:6   | Noticed a death yak
 31601 | Lair:6   | Noticed a death yak
 31601 | Lair:6   | Noticed a death yak
 31601 | Lair:6   | Noticed a death yak
 31601 | Lair:6   | Noticed a death yak
 31610 | Lair:5   | Noticed a death yak
 31693 | Lair:4   | Reached skill level 1 in Shields
 31922 | Lair:4   | Killed a death yak
 32418 | Lair:4   | Killed a death yak
 33225 | Lair:4   | Killed a death yak
 33426 | Lair:4   | Reached XP level 13. HP: 98/98 MP: 13/23
 34856 | Lair:5   | Reached skill level 5 in Conjurations
 35107 | Lair:5   | Reached skill level 12 in Necromancy
 35945 | Lair:5   | Reached ***** piety under Kikubaaqudgha
 36289 | Lair:5   | Reached skill level 5 in Shields
 37365 | Lair:2   | Reached skill level 1 in Evocations
 39391 | Lair:4   | Noticed a dire elephant
 40996 | D:9      | Found a staircase to the Orcish Mines.
 41181 | Orc:1    | Entered Level 1 of the Orcish Mines
 41863 | Orc:2    | Entered Level 2 of the Orcish Mines
 41870 | Orc:2    | Found a staircase to the Elven Halls.
 42425 | Orc:2    | Noticed dracos369's ghost (journeyman TrBe)
 42633 | Orc:1    | Learned a level 5 spell: Dispel Undead
 44204 | Orc:2    | Reached skill level 13 in Necromancy
 44425 | Orc:2    | Reached XP level 14. HP: 100/104 MP: 24/24
 44780 | Orc:2    | Found Biziruy's Assorted Antiques.
 44780 | Orc:2    | Found Ripniati's Book Shop.
 45122 | Orc:1    | Paralysed by an orc sorcerer for 6 turns
 45126 | Orc:1    | HP: 4/104 [poisoned by an orange demon]
 45126 | Orc:1    | Slain by an ice devil

Skill      XL: |  1  2  3  4  5  6  7  8  9 10 11 12 13 |
---------------+----------------------------------------+-----
Fighting       | 2 3 4 6 7 |  7.6
Charms         | 4 5 6 |  6.1
Long Blades    | 3 4 5 6 7 8 |  8.2
Necromancy     | 1 2 4 5 7 8 10 11 13 | 13.0
Spellcasting   | 3 4 5 6 7 |  7.5
Hexes          | 1 5 8 9 |  9.0
Armour         | 2 4 5 7 |  7.1
Conjurations   | 1 4 6 |  6.7
Dodging        | 4 |  4.3
Shields        | 3 6 |  6.0
Evocations     | 3 |  3.2

Action                   |  1- 3 |  4- 6 |  7- 9 | 10-12 | 13-15 || total
-------------------------+-------+-------+-------+-------+-------++-------
Melee: Falchion          |    84 |   199 |   492 |    84 |       ||   859
       Bite              |    13 |    39 |    69 |   138 |    80 ||   339
       Unarmed           |    22 |    94 |    30 |    34 |    44 ||   224
       Whip              |       |       |       |   106 |       ||   106
       Scimitar          |       |       |       |   647 |   510 ||  1157
       Dagger            |       |       |       |    69 |       ||    69
 Fire: Blowgun           |       |       |    45 |     8 |       ||    53
 Cast: Infusion          |    10 |    20 |    58 |   100 |    64 ||   252
       Shroud of Golubri |     3 |    10 |    33 |    53 |    16 ||   115
       Song of Slaying   |       |     5 |     6 |    14 |     6 ||    31
       Regeneration      |       |     2 |    23 |    89 |    22 ||   136
       Confusing Touch   |       |       |     1 |     2 |       ||     3
       Control Undead    |       |       |       |     1 |     1 ||     2
       Agony             |       |       |       |    62 |    95 ||   157
       Bolt of Draining  |       |       |       |       |    12 ||    12
       Dispel Undead     |       |       |       |       |     4 ||     4
 Abil: End Transformatio |     3 |    32 |    67 |   152 |    86 ||   340
       Bat Form          |     3 |    32 |    67 |   152 |    86 ||   340
Evoke: Wand              |       |       |    15 |    20 |    10 ||    45
  Use: Potion            |       |     6 |    11 |    34 |    22 ||    73
       Scroll            |       |     3 |     3 |    11 |     2 ||    19
 Stab: Sleeping          |     3 |    11 |     5 |     2 |       ||    21
       Distracted        |       |     1 |       |     2 |     1 ||     4
       Paralysed         |       |       |    16 |     3 |       ||    19
  Eat: Corpse            |     2 |     4 |     7 |    14 |    16 ||    43
Armor: Leather armour    |    23 |    60 |   101 |       |       ||   184
       Ring mail         |       |       |   105 |   470 |   199 ||   774
Dodge: Dodged            |    66 |   178 |   291 |   597 |   309 ||  1441
Block: Buckler           |       |       |       |    30 |   191 ||   221
       Rpst.: Falchion   |    20 |    38 |    79 |     9 |       ||   146
       Scimitar          |       |       |       |   101 |    65 ||   166
